 Dungeon Crawl Stone Soup version 0.25.1-8-g42b30a86e7 (webtiles) character file.

Game seed: 6243074147837812657

15208 DildoBatman the Fighter (level 12, -28/97 HPs)
             Began as a Formicid Wizard on Dec 6, 2020.
             Was an Elder of Kikubaaqudgha.
             Killed from afar by Jorgrun (43 damage)
             ... with an iron shot
             ... on level 2 of the Orcish Mines.
             The game lasted 00:51:24 (12745 turns).

DildoBatman the Fighter (Formicid Wizard)          Turns: 12745, Time: 00:51:24

Health: -28/97     AC:  6    Str: 12    XL:     12   Next: 54%
Magic:  28/31      EV: 14    Int: 26    God:    Kikubaaqudgha [****..]
Gold:   804        SH:  0    Dex:  9    Spells: 9/25 levels left

rFire    + . .     SeeInvis +   a - +5 mace of the Freezing Saviour {freeze, rF+ Int+3 Stlth+}
rCold    . . .     Gourm    .   (no shield)
rNeg     . . .     Faith    .   o - +1 troll leather armour
rPois    .         Spirit   .   (helmet unavailable)
rElec    .         Reflect  .   (no cloak)
rCorr    .         Harm     .   (no gloves)
MR       +....                  (no boots)
Stlth    ++++......             r - amulet of regeneration
HPRegen  1.06/turn              k - ring of stealth
MPRegen  0.22/turn              t - ring of magical power

@: very slightly contaminated, invisible
A: permanent stasis, dig shafts and tunnels, four strong arms, antennae 3,
mutation resistance 1
a: Dig, Shaft Self, Receive Corpses, Renounce Religion


You were on level 2 of the Orcish Mines.
You worshipped Kikubaaqudgha.
Kikubaaqudgha was greatly pleased with you.
You were not hungry.

You visited 3 branches of the dungeon, and saw 13 of its levels.
You also visited: Ossuary.

You collected 908 gold pieces.
You spent 104 gold pieces at shops.

Inventory:

Hand Weapons
 a - the +5 mace of the Freezing Saviour (weapon) {freeze, rF+ Int+3 Stlth+}
   (You found it on level 5 of the Dungeon)

   It has been specially enchanted to freeze those struck by it, causing extra
   injury to most foes and up to half again as much damage against particularly
   susceptible opponents.
   It can also slow down cold-blooded creatures.
   It affects your intelligence (+3).
   It protects you from fire.
   It makes you more stealthy.
 b - the +9 falchion "Qaad" {holy, +Fly rElec rPois rF-}
   (You found it on level 8 of the Dungeon)

   It has been blessed by the Shining One to cause great damage to the undead
   and demons.
   It makes you vulnerable to fire.
   It insulates you from electricity.
   It protects you from poison.
   It lets you fly.
 c - a +0 hunting sling
 d - a +2 halberd of venom
Missiles
 e - 4 throwing nets
 i - 25 poisoned darts (quivered)
 p - 76 sling bullets
 D - 80 bolts
 F - 222 arrows
 I - 177 stones
 K - 6 atropa-tipped darts
 O - 5 datura-tipped darts
Armour
 o - a +1 troll leather armour (worn)
Jewellery
 k - a ring of stealth (left hand)
 r - an amulet of regeneration (around neck)
 t - a ring of magical power (right hand)
Wands
 E - a wand of paralysis (6)
Scrolls
 h - a scroll of fog
 q - 3 scrolls of amnesia
 s - 2 scrolls of fear
 w - a scroll of torment
 x - 8 scrolls of remove curse
 y - a scroll of enchant weapon
 z - a scroll of identify
 H - a scroll of immolation
Potions
 f - 8 potions of curing
 g - a potion of ambrosia {unknown}
 j - a potion of berserk rage {unknown}
 m - 3 potions of cancellation
 n - a potion of stabbing {unknown}
 u - a potion of magic {unknown}
 A - 2 potions of lignification {unknown}
 B - 2 potions of flight {unknown}
 C - a potion of brilliance {unknown}
 G - 3 potions of haste {unknown}
 L - 2 potions of might {unknown}
 M - a potion of mutation
 N - 2 potions of heal wounds
Comestibles
 v - 26 rations


   Skills:
 * Level 9.8 Fighting
 * Level 9.6 Armour
 * Level 6.3 Dodging
 - Level 2.4 Stealth
 - Level 7.0 Spellcasting
 - Level 6.0 Conjurations
   Level 1.0 Summonings
 * Level 6.2 Necromancy
   Level 0.8 Translocations
 - Level 5.0 Fire Magic
 - Level 4.0 Air Magic
 - Level 4.0 Poison Magic


You had 9 spell levels left.
You knew the following spells:

 Your Spells              Type           Power        Failure   Level  Hunger
a - Conjure Flame         Conj/Fire      #####...     2%          3    None
b - Sublimation of Blood  Necr           #####.....   1%          2    None
c - Magic Dart            Conj           ####         1%          1    None
d - Vampiric Draining     Necr           #####.....   1%          3    None
e - Mephitic Cloud        Conj/Pois/Air  ####....     3%          3    None
h - Dispel Undead         Necr           #####...     6%          4    ###....

Your spell library contained the following spells:

 Spells                   Type           Power        Failure   Level  Hunger
 Pain                     Necr           ####         1%          1    None
 Shock                    Conj/Air       ####         1%          1    None
 Corpse Rot               Necr/Air       N/A          1%          2    None
 Static Discharge         Conj/Air       #####...     3%          3    None
 Summon Small Mammal      Summ           ##..         4%          1    None
 Beastly Appendage        Tmut           #.....       8%          1    None
 Call Imp                 Summ           ##......     8%          2    None
 Spider Form              Tmut/Pois      ###.......   10%         3    None
 Slow                     Hex            #.......     12%         2    None
 Sticks to Snakes         Tmut           #.......     12%         2    None
 Airstrike                Air            ####......   14%         4    ###....
 Call Canine Familiar     Summ           ##......     16%         3    None
 Agony                    Necr           #####...     17%         5    #####..
 Summon Guardian Golem    Hex/Summ       ##......     19%         3    None
 Summon Lightning Spire   Summ/Air       ###.....     26%         4    ###....
 Lightning Bolt           Conj/Air       #####.....   26%         5    #####..
 Summon Ice Beast         Ice/Summ       ##......     52%         4    ###....
 Excruciating Wounds      Chrm/Necr      ####......   52%         5    #####..
 Ice Form                 Ice/Tmut       #.......     58%         4    ###....
 Death Channel            Necr           #####.....   67%         6    ######.
 Blade Hands              Tmut           #.........   91%         5    #####..
 Simulacrum               Ice/Necr       ####......   97%         6    ######.
 Swiftness                Chrm/Air       Unusable     N/A         2    N/A
 Blink                    Tloc           Unusable     N/A         2    N/A

Dungeon Overview and Level Annotations

Branches:
Dungeon (10/15)            Temple (1/1) D:7            Lair (0/6) D:9
    Orc (2/2) D:9         Ossuary (visited)
    Elf: Orc:2

Altars:
Ashenzari
Cheibriados
Dithmenos
Elyvilon
Fedhas
Gozag
Hepliaklqana
Kikubaaqudgha
Makhleb
Nemelex Xobeh
Okawaru
Qazlal
Ru
Sif Muna
Trog
Uskayaw
Vehumet
Wu Jian
Xom
Yredelemnul
Zin
The Shining One
Beogh

Shops:
D:10 ?*   Orc:2 !%:*

Annotations:
D:10 1 exclusion
Orc:2 Jorgrun


Innate Abilities, Weirdness & Mutations

You cannot be hasted, slowed, berserked, paralysed or teleported.
You can dig through walls and to a lower floor.
Your four strong arms can wield two-handed weapons with a shield.
You have a pair of large antennae on your head. (SInv)
You are somewhat resistant to further mutation.


Message History

The grasping roots constrict you!
You are very lightly contaminated with residual magic.
The roots' grasp on you weakens, but your attempt to escape fails.
Jorgrun closely misses you. The grasping roots constrict you!
You escape the roots' grasp.
Jorgrun says, "'tis place shall be yer tomb!"
Jorgrun hits you with an uncursed staff of earth.
Jorgrun crushes you!
You extend your mandibles.
You dig through the rock wall.
Some rock shatters into small pieces.
The +9 falchion "Qaad" {holy, +Fly rElec rPois rF-} stops glowing.
You feel clever.
The +5 mace of the Freezing Saviour {freeze, rF+ Int+3 Stlth+} glows with a cold blue light!
a - the +5 mace of the Freezing Saviour (weapon)
{freeze, rF+ Int+3 Stlth+} Jorgrun gestures at you while chanting.
The iron shot hits you!!!
You die...
Kikubaaqudgha rasps: "You have failed me!
Welcome... death!"

### ###.######
### #.g.@....#
.#...
##..#######
......#.°##.##
.......°.....##
......#.......#
.............##
..............#
.............##
..............##


You could see Jorgrun.

Vanquished Creatures
  Erolcha (D:9)
  Harold (D:9)
  2 two-headed ogres
  An orc high priest (Orc:2)
  An orc knight (Orc:1)
  6 orc sorcerers
  Joseph (D:7)
  3 trolls
  2 hippogriffs
  A yak (D:9)
  A hungry ghost (D:6)
  A two-headed ogre zombie (D:9)
  A soldier ant (D:10)
  5 porcupines (D:9)
  Duvessa (D:7)
  16 orc warriors
  2 sky beasts
  3 black bears
  3 ice beasts
  A hornet zombie (D:5)
  3 phantoms
  4 centaurs
  3 ogres
  5 bullfrogs
  8 scorpions (Ossuary)
  Dowan (D:7)
  A troll zombie (D:9)
  7 wights
  A howler monkey (D:5)
  3 crimson imps
  3 bullfrog skeletons
  2 centaur zombies (Ossuary)
  2 centaur skeletons
  3 human zombies (Ossuary)
  15 orc priests
  A gnoll shaman (Orc:1)
  3 hounds
  A jelly (D:10)
  Natasha (thrice) (D:3)
  An iguana (D:5)
  27 orc wizards
  4 worker ants
  6 ogre zombies (D:9)
  A hound zombie (D:10)
  3 mummies (Ossuary)
  15 gnolls
  A howler monkey skeleton (D:6)
  4 scorpion zombies (Ossuary)
  12 adders
  4 shadow imps
  2 oozes (D:1)
  An adder zombie (D:6)
  An adder skeleton (D:5)
  4 worms
  A dart slug (D:5)
  8 leopard geckos
  50 orcs
  3 bats
  5 giant cockroaches
  A gnoll zombie (Ossuary)
  9 goblins
  4 hobgoblins
  8 jackals
  7 quokkas
  3 ball pythons
  A frilled lizard (D:2)
  6 goblin zombies
  A hobgoblin skeleton (D:9)
  3 hobgoblin zombies (D:9)
  5 kobolds
  4 kobold zombies (Ossuary)
  2 orc skeletons (D:9)
  17 orc zombies
  7 rats
353 creatures vanquished.

Vanquished Creatures (others)
  A scorpion (Ossuary)
  47 fungi (D:9)
  25 plants (D:9)
73 creatures vanquished.

Grand Total: 426 creatures vanquished

Notes
Turn   | Place    | Note
-------+----------+-------------------------------------------
     0 | D:1      | DildoBatman the Formicid Wizard began the quest for the
                  | Orb.
     0 | D:1      | Reached XP level 1. HP: 13/13 MP: 4/4
    22 | D:1      | Reached skill level 1 in Conjurations
   152 | D:1      | Reached XP level 2. HP: 19/19 MP: 1/6
   355 | D:1      | Reached XP level 3. HP: 23/24 MP: 2/7
   360 | D:1      | Learned a level 3 spell: Conjure Flame
   364 | D:1      | Learned a level 3 spell: Mephitic Cloud
   589 | D:2      | Found an opulent altar of Gozag.
   777 | D:2      | Reached XP level 4. HP: 23/30 MP: 0/8
  1137 | D:2      | Found a hide-covered altar of Uskayaw.
  1298 | D:3      | Reached XP level 5. HP: 35/35 MP: 0/9
  1608 | D:3      | Reached skill level 1 in Poison Magic
  1749 | D:3      | Reached skill level 1 in Fire Magic
  1749 | D:3      | Reached XP level 6. HP: 8/41 MP: 6/10
  1836 | D:3      | Reached skill level 1 in Air Magic
  2023 | D:3      | Found a shimmering blue altar of Sif Muna.
  2350 | D:4      | Found a sacrificial altar of Ru.
  2434 | D:4      | Found a white marble altar of Elyvilon.
  2561 | D:4      | Noticed Natasha
  2573 | D:4      | Reached XP level 7. HP: 41/46 MP: 7/11
  2600 | D:4      | Found a sand-covered staircase.
  2609 | Ossuary  | Entered an ossuary
  2678 | Ossuary  | Reached skill level 5 in Conjurations
  2940 | Ossuary  | Reached XP level 8. HP: 24/52 MP: 5/12
  3130 | Ossuary  | Reached skill level 5 in Fire Magic
  3239 | Ossuary  | Reached skill level 1 in Fighting
  3239 | Ossuary  | Reached skill level 1 in Armour
  3844 | D:5      | Entered Level 5 of the Dungeon
  4076 | D:5      | Found a blossoming altar of Fedhas.
  4253 | D:5      | Got a smouldering mace
  4254 | D:5      | Identified the +5 mace of the Freezing Saviour {freeze, rF+
                  | Int+3 Stlth+} (You found it on level 5 of the Dungeon)
  4973 | D:6      | Reached XP level 9. HP: 63/65 MP: 13/13
  5368 | D:6      | Found an opulent altar of Gozag.
  5441 | D:6      | Reached skill level 5 in Fighting
  5441 | D:6      | Reached skill level 5 in Armour
  5592 | D:6      | Found a snail-covered altar of Cheibriados.
  5956 | D:7      | Noticed Duvessa
  5960 | D:7      | Noticed Dowan
  6080 | D:7      | Found a stormy altar of Qazlal.
  6214 | D:7      | Found a staircase to the Ecumenical Temple.
  6250 | Temple   | Entered the Ecumenical Temple
  6366 | D:7      | Noticed a two-headed ogre
  6560 | D:8      | Found a basalt altar of Yredelemnul.
  6670 | D:8      | Found a shadowy altar of Dithmenos.
  6852 | D:8      | Noticed a hippogriff
  7113 | D:8      | Got an ichor-stained falchion
  7210 | D:8      | Killed a hippogriff
  7210 | D:8      | Reached XP level 10. HP: 57/77 MP: 15/15
  7572 | D:8      | Identified the +9 falchion "Qaad" {holy, +Fly rElec rPois
                  | rF-} (You found it on level 8 of the Dungeon)
  7604 | D:7      | Noticed Joseph
  7654 | D:9      | Noticed Harold
  7681 | D:9      | Found a staircase to the Orcish Mines.
  7844 | D:7      | Found an ancient bone altar of Kikubaaqudgha.
  7850 | D:7      | Became a worshipper of Kikubaaqudgha
  8212 | D:3      | Killed Natasha
  8275 | D:3      | Noticed Natasha
  8282 | D:3      | Killed Natasha
  8381 | D:3      | Noticed Natasha
  8389 | D:3      | Killed Natasha
  8581 | D:7      | Killed Dowan
  8593 | D:7      | Killed Duvessa
  8646 | D:7      | You fall into a shaft and drop 3 floors!
  8646 | D:10     | Entered Level 10 of the Dungeon
  8657 | D:9      | Noticed Erolcha
  8679 | D:9      | Killed Erolcha
  8679 | D:9      | Reached skill level 1 in Necromancy
  9023 | D:9      | Found a sparkling altar of Nemelex Xobeh.
  9258 | D:9      | Reached * piety under Kikubaaqudgha
  9258 | D:9      | Identified Kikubaaqudgha's Guide on Necromancy
                  | (Kikubaaqudgha gifted it to you on level 9 of the Dungeon)
  9258 | D:9      | Received a gift from Kikubaaqudgha
  9263 | D:9      | Learned a level 2 spell: Sublimation of Blood
  9267 | D:9      | Learned a level 3 spell: Vampiric Draining
  9330 | D:9      | Reached skill level 5 in Spellcasting
  9458 | D:9      | Reached XP level 11. HP: 54/84 MP: 8/18
  9631 | D:9      | Reached ** piety under Kikubaaqudgha
  9681 | D:9      | Found a staircase to the Lair.
  9838 | D:9      | Killed Harold
 10124 | D:9      | Found a glowing silver altar of Zin.
 10349 | D:7      | Killed a two-headed ogre
 10607 | D:7      | Killed Joseph
 10872 | D:10     | Found Hodetouv's Assorted Antiques.
 10988 | D:10     | Found Naolit's Magic Scroll Emporium.
 11262 | D:10     | Reached skill level 5 in Dodging
 11383 | Orc:1    | Entered Level 1 of the Orcish Mines
 11383 | Orc:1    | Noticed an orc knight
 11383 | Orc:1    | Noticed a two-headed ogre
 11439 | Orc:1    | Killed an orc knight
 11507 | Orc:1    | Killed a two-headed ogre
 11579 | Orc:1    | Reached *** piety under Kikubaaqudgha
 11579 | Orc:1    | Identified Kikubaaqudgha's Catalogue of Necromancy
                  | (Kikubaaqudgha gifted it to you on level 1 of the Orcish
                  | Mines)
 11579 | Orc:1    | Received a gift from Kikubaaqudgha
 11596 | Orc:1    | Learned a level 4 spell: Dispel Undead
 11755 | Orc:1    | Gained mutation: You are weak. (Str -2) [potion of
                  | mutation]
 11755 | Orc:1    | Gained mutation: You are very weak. (Str -4) [potion of
                  | mutation]
 11755 | Orc:1    | Gained mutation: You are resistant to hostile enchantments.
                  | (MR+) [potion of mutation]
 11757 | Orc:1    | Lost mutation: You are resistant to hostile enchantments.
                  | (MR+) [potion of mutation]
 11757 | Orc:1    | Lost mutation: You are very weak. (Str -4) [potion of
                  | mutation]
 11757 | Orc:1    | Lost mutation: You are weak. (Str -2) [potion of mutation]
 11757 | Orc:1    | Gained mutation: You have a beak for a mouth. [potion of
                  | mutation]
 11757 | Orc:1    | Gained mutation: You are partially covered in yellow
                  | scales. (AC +2) [potion of mutation]
 11758 | Orc:1    | Lost mutation: You have a beak for a mouth. [potion of
                  | mutation]
 11758 | Orc:1    | Lost mutation: You are partially covered in yellow scales.
                  | (AC +2) [potion of mutation]
 11758 | Orc:1    | Gained mutation: Potions are less effective at restoring
                  | your health. [potion of mutation]
 11758 | Orc:1    | Gained mutation: Your mind is acute. (Int +2) [potion of
                  | mutation]
 11759 | Orc:1    | Lost mutation: Potions are less effective at restoring your
                  | health. [potion of mutation]
 11759 | Orc:1    | Lost mutation: Your mind is acute. (Int +2) [potion of
                  | mutation]
 11759 | Orc:1    | Gained mutation: You are somewhat resistant to further
                  | mutation. [potion of mutation]
 11772 | Orc:2    | Entered Level 2 of the Orcish Mines
 11772 | Orc:2    | Noticed an orc sorcerer
 11790 | Orc:1    | Killed an orc sorcerer
 11790 | Orc:1    | Reached skill level 5 in Necromancy
 11882 | Orc:2    | Reached XP level 12. HP: 53/95 MP: 22/22
 12027 | Orc:2    | Found a roughly hewn altar of Beogh.
 12230 | Orc:2    | Reached **** piety under Kikubaaqudgha
 12252 | Orc:2    | Noticed an orc high priest
 12274 | Orc:2    | Killed an orc high priest
 12345 | Orc:2    | Found Ciepteow's Distillery.
 12345 | Orc:2    | Found Isorufid's Assorted Antiques.
 12345 | Orc:2    | Found Ybyfy's Book Emporium.
 12348 | Orc:2    | Found Caruda's Food Shoppe.
 12351 | Orc:2    | Bought a potion of mutation for 104 gold pieces
 12365 | Orc:2    | Noticed Jorgrun
 12745 | Orc:2    | Killed from afar by Jorgrun

Illustrated notes

Levels and vault maps discovered:
D:1:      ncdulo_smallfort, layout_basic
D:2:      layout_rooms, overflow_temple_1_default,
          eat_drink_and_be_merry_uskayaw
D:3:      layout_basic, tgw_sif, serial_bayou_pond_a
D:4:      layout_loops_cross, elyvilon_altar_1, kennysheep_mini_moat,
          enter_ossuary_1, uniq_natasha
D:5:      layout_layer_cave, fedhas_altar_1, first_ration
D:6:      layout_loops_ring, lemuel_coloured_pillars_altar, st_stairs_8,
          minmay_misc_feat_four_crosses, grunt_gozag_statues
D:7:      layout_cave_pools, overflow_temple_1_default,
          lemuel_temple_firewalk_a, basic_altar, uniq_joseph, uniq_duvessa
D:8:      layout_basic, grunt_dithmenos_smoke, nicolae_overflow_crystal_walls
D:9:      layout_basic, overflow_temple_1_default, kennysheep_little_box,
          due_lair_maze_entry_diamond, zombieorc2_lemuel, uniq_harold,
          uniq_erolcha
D:10:     layout_roguey, serial_shops, nicolae_shop_statue_plus,
          nicolae_shop_statue_plus
Temple:   zaba_magenta_temple
Orc:1:    layout_caves, serial_shops
Orc:2:    st_orc_mages, layout_caves, basic_altar, uniq_jorgrun

Skill      XL: |  1  2  3  4  5  6  7  8  9 10 11 12 |
---------------+-------------------------------------+-----
Conjurations   | 1 2 3 4 5 6 |  6.0
Poison Magic   | 1 2 3 4 |  4.0
Fire Magic     | 1 2 3 5 |  5.0
Air Magic      | 1 2 3 4 |  4.0
Fighting       | 3 6 7 9 |  9.8
Armour         | 3 6 7 8 9 |  9.6
Dodging        | 2 3 5 6 |  6.3
Spellcasting   | 5 6 7 |  7.0
Necromancy     | 3 5 6 |  6.2
Stealth        | |  2.4
Summonings     | |  1.0
Translocations | |  0.8

Action                   |  1- 3 |  4- 6 |  7- 9 | 10-12 || total
-------------------------+-------+-------+-------+-------++-------
Melee: Dagger            |    15 |   113 |    98 |       ||   226
       Mace              |       |       |    55 |   147 ||   202
       Falchion          |       |       |       |   270 ||   270
       Halberd           |       |       |       |    59 ||    59
 Fire: Shortbow          |       |       |    19 |    18 ||    37
Throw: Dart              |       |     8 |       |       ||     8
 Cast: Magic Dart        |    49 |    45 |   110 |    63 ||   267
       Mephitic Cloud    |       |     9 |    30 |    58 ||    97
       Conjure Flame     |       |     4 |    31 |    57 ||    92
       Vampiric Draining |       |       |       |    30 ||    30
 Abil: Dig               |       |     9 |    12 |    37 ||    58
       Shaft Self        |       |       |       |     1 ||     1
  Use: Scroll            |       |     5 |     5 |    10 ||    20
       Potion            |       |       |       |     5 ||     5
 Stab: Sleeping          |     2 |     1 |     5 |     2 ||    10
       Confused          |       |     4 |     7 |    19 ||    30
  Eat: Chunk             |       |     8 |    15 |    23 ||    46
       Ration            |       |       |     2 |     1 ||     3
Armor: Robe              |     3 |     6 |    17 |       ||    26
       Troll leather arm |       |       |       |    92 ||    92
       Leather armour    |       |       |       |     7 ||     7
Dodge: Dodged            |    16 |    56 |   112 |   304 ||   488
       Rpst.: Falchion   |       |       |       |    45 ||    45
